 Dungeon Crawl Stone Soup version 0.29.1-2-gbd0b4ee654 (webtiles) character file.

Game seed: 10429310060634927155

55 vladthelazy the Sneak (level 3, -2/19 HPs)
             Began as a Vampire Enchanter on Nov 30, 2022.
             Was an Initiate of Dithmenos.
             Slain by a hound (5 damage)
             ... on level 4 of the Dungeon.
             The game lasted 00:30:26 (2153 turns).

vladthelazy the Sneak (Vampire Enchanter)           Turns: 2153, Time: 00:30:26

Health: -2/19      AC:  2    Str:  4 (7)  XL:     3   Next: 67%
Magic:  2/6        EV: 12    Int: 15 (19) God:    Dithmenos [......]
Gold:   57         SH:  0    Dex: 10 (14) Spells: 1/6 levels left

rFire   . . .      SeeInvis +   k - +5 dagger of Powerful Prudence {venom, rCorr}
rCold   + + .      Faith    .   (no shield)
rNeg    + + +      Spirit   .   b - +0 robe
rPois   ∞          Reflect  .   (no helmet)
rElec   .          Harm     .   (no cloak)
rCorr   +          Rampage  .   (no gloves)
Will    .....                   (no boots)
Stlth   +++++.....              (no amulet)
HPRegen 0.00/turn               (no ring)
MPRegen 0.10/turn               (no ring)

@: bloodless, inhibited regen
A: bloodless, fangs 3, see invisible, vampiric 2
a: Bat Form, Revivify, Renounce Religion


You were on level 4 of the Dungeon.
You worshipped Dithmenos.
Dithmenos was noncommittal.
You visited 2 branches of the dungeon, and saw 6 of its levels.

You collected 57 gold pieces.

Inventory:

Hand Weapons
 a - a +1 dagger
 d - a +0 dagger
 i - a +0 short sword
 k - the +5 dagger of Powerful Prudence (weapon) {venom, rCorr}
   (You found it on level 2 of the Dungeon)

   It poisons the flesh of those it strikes.
   rCorr:     It protects you from acid and corrosion.
Missiles
 n - 12 stones (quivered)
Armour
 b - a +0 robe (worn)
Scrolls
 g - a scroll of noise {unknown}
 j - a scroll of identify
 m - a scroll of torment {unknown}
 o - a scroll of vulnerability {unknown}
Potions
 c - a potion of invisibility
 h - a potion of degeneration {unknown}


   Skills:
 + Level 1.2 Short Blades
 + Level 2.5 Dodging
 + Level 5.8 Stealth
 + Level 2.1 Spellcasting
 + Level 5.4 Hexes


You had one spell level left.
You knew the following spells:

 Your Spells              Type           Power      Damage    Failure   Level
a - Ensorcelled Hibernat  Hex/Ice        18%        N/A       11%         2
b - Tukima's Dance        Hex            17%        N/A       7%          3

Your spell library contained the following spells:

 Spells                   Type           Power      Damage    Failure   Level
 Confusing Touch          Hex            17%        N/A       7%          3
 Dazzling Flash           Conj/Hex       18%        N/A       22%         3
 Passwall                 Tmut/Erth      0%         N/A       32%         2
 Swiftness                Air            1%         N/A       54%         3


Dungeon Overview and Level Annotations

Branches:
Dungeon (5/15)             Temple (1/1) D:5

Altars:
Ashenzari
Cheibriados
Dithmenos
Fedhas
Gozag
Nemelex Xobeh
Okawaru
Sif Muna
Wu Jian
Xom
Yredelemnul

Shops:
D:2 (   D:5 !

Portals:
Sewer: D:4


Innate Abilities, Weirdness & Mutations

You do not regenerate when monsters are visible.
You are frail without blood (-20% HP).
You can heal yourself when you bite living creatures.
You are immune to poison.
You have razor-sharp teeth.
You have supernaturally acute eyesight. (SInv)
You are afflicted with vampirism and can become a bat while bloodless.


Message History

Press: ? - help, Shift-Dir - straight line, f/p - river rat
Aim: a river rat (chance to affect: 51%)
The river rat resists with some effort.
The river rat bites you.
Okay, then.
You feel better. The river rat bites you!
* * * LOW HITPOINT WARNING * * *
Okay, then.
Okay, then.
The river rat attacks as you move away!
The river rat bites you but does no damage.
The river rat barely misses you.
The river rat bites you but does no damage.
Unknown command.
Unknown command.
Unknown command.
Unknown command.
As you read the scroll labelled LUNOH ZAITOAXU, it crumbles to dust.
You feel strangely unstable.
It was a scroll of teleportation.
The river rat misses you. The river rat attacks as you move away!
The river rat bites you but does no damage.
The river rat attacks as you move away! The river rat closely misses you.
Your surroundings suddenly seem different.
The hound barks!
The ufetubus shouts!
Okay, then.
The hound closely misses you. The hound closely misses you.
The hound bites you but does no damage. The ufetubus attacks as you move away!
The ufetubus hits you but does no damage.
The ufetubus barely misses you. The ufetubus closely misses you.
The ufetubus hits you.
* * * LOW HITPOINT WARNING * * *
The ufetubus attacks as you move away! The ufetubus barely misses you. x2
The hound barely misses you.
You see here a +0 dagger.
Found an ornate altar of the Wu Jian Council.
The hound barely misses you. The ufetubus barely misses you.
The ufetubus misses you. The hound bites you.
You die...

#†#~∩~~~~# #~##~~##~#
##†~####~~##
#~~~~~r~~~~#
##~~####~~### ####
####.## # #..#
#..####### ##.#
#._....@.# ###.###
#..#####h#########......
# #5...............
##...............
#...............
##########......
######.#####
..........#..
#######.#.#.#


You could see a hound and an ufetubus.

Vanquished Creatures
  An adder (D:2)
  A river rat (D:4)
  3 dart slugs
  An orc (D:4)
  A bat (D:2)
  3 endoplasms (D:1)
  5 giant cockroaches
  A goblin (D:1)
  3 quokkas (D:4)
  2 ball pythons (D:1)
  A frilled lizard (D:1)
  3 kobolds
  4 rats
29 creatures vanquished.

Notes
Turn   | Place    | Note
-------+----------+-------------------------------------------
     0 | D:1      | vladthelazy the Vampire Enchanter began the quest for the
                  | Orb.
     0 | D:1      | Reached XP level 1. HP: 13/13 MP: 3/3
   475 | D:1      | Reached XP level 2. HP: 19/19 MP: 5/5
   495 | D:1      | Learned a level 2 spell: Ensorcelled Hibernation
   612 | D:1      | Reached skill level 5 in Hexes
  1003 | D:2      | Found Houmuliv's Antique Weapon Boutique.
  1020 | D:2      | Identified the +5 dagger of Powerful Prudence {venom,
                  | rCorr}
  1059 | D:2      | Reached skill level 5 in Stealth
  1329 | D:2      | Gained mutation: You are afflicted with vampirism and can
                  | become a bat while bloodless. [Vampire growth]
  1329 | D:2      | Reached XP level 3. HP: 24/24 MP: 6/6
  1475 | D:5      | Entered Level 5 of the Dungeon
  1493 | D:5      | Found a blossoming altar of Fedhas.
  1524 | D:5      | Found Woarath's Distillery.
  1547 | D:5      | Found a staircase to the Ecumenical Temple.
  1551 | D:5      | Noticed a centaur
  1556 | Temple   | Entered the Ecumenical Temple
  1706 | Temple   | Became a worshipper of Dithmenos the Shadowed
  1820 | D:4      | Learned a level 3 spell: Tukima's Dance
  2117 | D:4      | Found a glowing drain.
  2152 | D:4      | Found an ornate altar of the Wu Jian Council.
  2153 | D:4      | Slain by a hound

Illustrated notes

Levels and vault maps discovered:
D:1:      amcnicky_arrival_double_pillar, layout_loops_corners
D:2:      layout_basic, serial_shops, nicolae_shop_crystal
D:3:      layout_basic, minitemple, mainiacjoe_overflow_paths,
          nicolae_qazlal_eye_of_the_storm, grunt_ministairs_9, fountainhead
D:4:      layout_basic, pdpol_wu_jian_five_deadly_venoms,
          gup_sewer_entry_bubbles
D:5:      layout_cave_pods, nicolae_overflow_crystal_walls,
          minmay_temple_entry_waves, serial_shops, shop_statue, shop, shop,
          chequers_serial_rivers_marsh, uniq_prince_ribbit1
Temple:   nicolae_temple_bog_church

Skill      XL: |  1  2 |
---------------+-------+-----
Hexes          | 5 |  5.4
Stealth        | 5 |  5.8
Short Blades   | |  1.2
Dodging        | |  2.5
Spellcasting   | |  2.1

Action                   || total
-------------------------++-------
Melee: Dagger            ||    52
       Bite              ||     4
 Cast: Ensorcelled Hiber ||    12
       Tukima's Dance    ||     1
 Abil: End Transformatio ||     2
       Bat Form          ||     2
       Exsanguinate      ||     1
  Use: Potion            ||     3
       Scroll            ||     2
 Stab: Sleeping          ||    17
Armor: Robe              ||    10
Dodge: Dodged            ||    37
